 Dungeon Crawl Stone Soup version 0.24.0-13-gcf9b319 (webtiles) character file.

Game seed: 18342616616132173, levelgen mode: deterministic

311 Golfball the Skirmisher (level 6, -8/41 HPs)
             Began as a Gargoyle Fighter on Apr 21, 2020.
             Mangled by a yak (10 damage)
             ... on level 4 of the Dungeon.
             The game lasted 00:14:25 (2267 turns).

Golfball the Skirmisher (Gargoyle Fighter)          Turns: 2267, Time: 00:14:26

Health: -8/41      AC: 11    Str: 21    XL:     6   Next: 42%
Magic:  6/6        EV:  7    Int:  8    God:
Gold:   103        SH:  9    Dex: 10    Spells: 5/5 levels left

rFire    . . .     SeeInvis .   a - +0 flail
rCold    . . .     Gourm    .   c - +0 shield
rNeg     + . .     Faith    .   x - +0 scale mail
rPois    ∞         Spirit   .   (no helmet)
rElec    +         Reflect  .   (no cloak)
rCorr    .         Harm     .   (no gloves)
MR       .....                  (no boots)
Stlth    +.........             (no amulet)
HPRegen  0.13/turn              p - ring of stealth
MPRegen  0.10/turn              (no ring)

@: no status effects
A: negative energy resistance 1, electricity resistance, unbreathing,
petrification resistance, rot immunity, AC +4
a: no special abilities


You were on level 4 of the Dungeon.
You were not hungry.

You visited 1 branch of the dungeon, and saw 4 of its levels.

You collected 103 gold pieces.

Inventory:

Hand Weapons
 a - a +0 flail (weapon)
 b - a +0 hunting sling
 z - a +0 war axe
Missiles
 h - 81 stones (quivered)
 s - 69 sling bullets
Armour
 c - a +0 shield (worn)
 x - a +0 scale mail (worn)
 y - a +0 chain mail
Jewellery
 p - a ring of stealth (left hand)
Scrolls
 j - a scroll of enchant weapon {unknown}
 k - a scroll of identify
 o - a scroll of immolation {unknown}
 t - a scroll of fog {unknown}
 u - 2 scrolls of blinking {unknown}
 v - a scroll of amnesia {unknown}
 w - 2 scrolls of remove curse {unknown}
Potions
 d - a potion of might
 e - a potion of agility
 i - a potion of mutation
 l - a potion of heal wounds {unknown}
 m - a potion of degeneration {unknown}
 n - 2 potions of curing
 q - 2 potions of lignification
 r - a potion of magic {unknown}
 A - a potion of berserk rage {unknown}
Comestibles
 f - 5 rations
 g - a chunk of flesh


   Skills:
 + Level 5.9 Fighting
 + Level 4.8 Maces & Flails
 - Level 3.2 Armour
 - Level 3.2 Shields


You had 5 spell levels left.
You didn't know any spells.
Your spell library was empty.

Dungeon Overview and Level Annotations

Branches:
Dungeon (4/15)
 Temple: D:4-7

Altars:
Kikubaaqudgha


Innate Abilities, Weirdness & Mutations

You are resistant to torment.
Your stone body is resilient. (AC +4)
You are immune to poison.
You resist negative energy. (rN+)
You are resistant to electric shocks. (rElec)
You can survive without breathing.
You are immune to petrification.
You are immune to rotting.


Message History

You hit the yak.
The yak is moderately wounded.
The yak gores you but does no damage.
You sock the yak!
The yak is heavily wounded.
The yak barely misses you.
You hit the yak but do no damage.
The yak is heavily wounded.
The yak gores you.
* * * LOW HITPOINT WARNING * * *
A yak comes into view.
Your shield and scale mail prevent you from hitting the yak.
The yak is heavily wounded.
The yak bellows!
The yak gores you!
* * * LOW HITPOINT WARNING * * *
You sock the yak!
The yak is severely wounded.
The yak gores you!
You die...

. +....#.#.# #.#.# ###
####....#..# #.. .# ...
........#.#.#.#.#.# ##
#.....###[###..#
#....#.#.#.#...#
#########+.#..###....#
#####..........#...#..#..######
....)...........###..........>#
.####.........#.@YY.#####......
.# #........[####Y## ..... ÷#
#.........# #!Y# ...% .#
#.........# ##.# ... .#
#........... .. .. .#
#........#### #.# . .#
########## Y# .# .# .# ..


You could see 4 yaks.

Vanquished Creatures
  An ogre (D:4)
  2 hounds
  8 adders
  An adder skeleton (D:4)
  4 worms
  A dart slug (D:1)
  2 leopard geckos
  5 orcs
  11 bats
  3 giant cockroaches
  8 hobgoblins
  3 jackals (D:3)
  8 kobolds
  2 quokkas (D:2)
  2 ball pythons (D:2)
  4 frilled lizards
  9 goblins
  5 rats
79 creatures vanquished.

Vanquished Creatures (others)
  A human (D:3)
1 creature vanquished.

Grand Total: 80 creatures vanquished

Notes
Turn   | Place    | Note
-------+----------+-------------------------------------------
     0 | D:1      | Golfball the Gargoyle Fighter began the quest for the Orb.
     0 | D:1      | Reached XP level 1. HP: 14/14 MP: 1/1
   192 | D:1      | Reached XP level 2. HP: 18/19 MP: 2/2
   474 | D:1      | Reached XP level 3. HP: 24/24 MP: 3/3
   587 | D:2      | Reached skill level 4 in Fighting
   898 | D:2      | Reached XP level 4. HP: 30/30 MP: 4/4
  1321 | D:3      | Reached XP level 5. HP: 26/34 MP: 5/5
  1402 | D:3      | Found an ancient bone altar of Kikubaaqudgha.
  1456 | D:2      | Reached skill level 5 in Fighting
  1775 | D:3      | Noticed a human
  1778 | D:3      | Killed a human
  1912 | D:4      | Noticed an ogre
  1920 | D:4      | Killed an ogre
  1920 | D:4      | Reached XP level 6. HP: 33/41 MP: 6/6
  2245 | D:4      | Noticed a yak
  2248 | D:4      | Noticed a yak
  2257 | D:4      | Noticed a yak
  2260 | D:4      | Noticed a yak
  2265 | D:4      | Noticed a yak
  2266 | D:4      | HP: 1/41 [yak (11)]
  2267 | D:4      | Mangled by a yak

Levels and vault maps discovered:
D:1:      kennysheep_arrival_forest, layout_rooms
D:2:      layout_basic
D:3:      layout_rooms, serial_bayou_pond_e, tgw_kikubaaqudgha
D:4:      layout_basic, first_ration, minmay_manual_mail

Skill      XL: |  1  2  3  4  5 |
---------------+----------------+-----
Fighting       | 4 5 |  5.9
Maces & Flails | 3 4 |  4.8
Armour         | |  3.2
Shields        | |  3.2

Action                   |  1- 3 |  4- 6 || total
-------------------------+-------+-------++-------
Melee: Flail             |   160 |   224 ||   384
 Fire: Hunting sling     |       |     1 ||     1
  Use: Scroll            |       |     4 ||     4
  Eat: Chunk             |       |     5 ||     5
Armor: Scale mail        |   102 |   122 ||   224
Dodge: Dodged            |    57 |    67 ||   124
Block: Shield            |    95 |   103 ||   198
